 Dungeon Sprint DCSS version 0.27.1-1-g398f81649c (webtiles) character file.

Game seed: 1725476460391839839

103798 Rickety the Stickfighter (level 16, -5/143 HPs)
             Began as a Gnoll Fighter on Sept 15, 2021.
             Was a High Priest of Qazlal.
             Slain by Mastik the pandemonium lord (36 damage)
             ... in the Dungeon (Sprint V: "Ziggurat Sprint") on Sept 16, 2021.
             The game lasted 00:21:42 (2369 turns).

Rickety the Stickfighter (Gnoll Fighter)            Turns: 2369, Time: 00:21:43

Health: -5/143     AC: 33    Str: 32    XL:     16   Next: 36%
Magic:  3/37       EV: 14    Int:  5    God:    Qazlal [*****.]
Gold:   0          SH: 42    Dex: 16    Spells: 49/49 levels left

rFire    + . .     SeeInvis +   D - +7 Screaming Sword {vorpal, sonic wave}
rCold    + . .     Faith    .   E - +18 shield of the Gong {rElec rN+ Will+ EV-5}
rNeg     + + .     Spirit   .   F - +5 gold dragon scales
rPois    +         Reflect  .   G - +0 hat {Stlth+}
rElec    +         Harm     .   a - +1 cloak {rPois}
rCorr    .         Rampage  .   Q - +2 pair of gloves {Dex+3}
Will     ++...     NoTele   +   (no boots)
Stlth    ..........             T - amulet "Qucinwu" {Acrobat rPois Str+7}
HPRegen  0.33/turn              H - ring of Wymp {EV+4 Str+5}
MPRegen  0.25/turn              W - ring of Rowerot {Drain rN+ Slay+3 SInv}

@: slowed, studying Staves, repel missiles, very slow
A: fangs 1, strong nose, distributed training, dopey 1, weak 1
a: Renounce Religion, Upheaval, Elemental Force, Disaster Area


You were in the Dungeon.
You worshipped Qazlal.
Qazlal was extremely pleased with you.
You visited 1 branch

Inventory:

Hand Weapons
 D - the +7 Screaming Sword (weapon) {vorpal, sonic wave}
   (You found it in the Dungeon)

   It inflicts extra damage upon your enemies.
   It radiates damaging sonic waves as it strikes, especially in combat
   involving dangerous or numerous foes.
Missiles
 Z - a throwing net (quivered)
Armour
 a - a +1 cloak of poison resistance (worn)
 E - the +18 shield of the Gong (worn) {rElec rN+ Will+ EV-5}
   (You found it in the Dungeon)

   It is deafeningly noisy when blocking attacks.
   EV:        It affects your evasion (-5).
   rElec:     It insulates you from electricity.
   rN:        It protects you from negative energy.
   Will:      It increases your willpower.
 F - +5 gold dragon scales (worn)
 G - a +0 hat of stealth (worn)
 Q - a +2 pair of gloves of dexterity (worn)
Jewellery
 b - the ring "Umarrit" {rC+ Dex+6}
   (You found it in the Dungeon)

   [ring of dexterity]

   Dex:       It affects your dexterity (+6).
   rC:        It protects you from cold.
 c - an amulet of reflection
 w - a ring of flight
 x - a +6 ring of dexterity
 y - a +6 ring of dexterity
 z - the amulet "Dyidereth" {rC++ Regen+ MP-9 Dex+3}
   (You found it in the Dungeon)

   [amulet of regeneration]

   Dex:       It affects your dexterity (+3).
   rC:        It greatly protects you from cold.
   MP:        It affects your magic capacity (-9).
   Regen:     It increases your rate of health regeneration.
 A - a +4 ring of evasion
 B - a +6 ring of strength
 C - a +6 ring of strength
 H - the ring of Wymp (left hand) {EV+4 Str+5}
   (You took it off an orc warlord in the Dungeon)

   [ring of evasion]

   EV:        It affects your evasion (+4).
   Str:       It affects your strength (+5).
 I - a ring of poison resistance
 N - the ring "Abuepred" {rF+ rC+ rN+ Will+}
   (You found it in the Dungeon)

   [ring of willpower]

   rF:        It protects you from fire.
   rC:        It protects you from cold.
   rN:        It protects you from negative energy.
   Will:      It increases your willpower.
 O - the ring "Yrchadd" {Fly rF+}
   (You found it in the Dungeon)

   [ring of flight]

   rF:        It protects you from fire.
   Fly:       It grants you flight.
 P - a ring of ice
 S - a +6 ring of strength
 T - the amulet "Qucinwu" (around neck) {Acrobat rPois Str+7}
   (You found it in the Dungeon)

   [amulet of the acrobat]

   It increases your evasion while moving and waiting.
   Str:       It affects your strength (+7).
   rPois:     It protects you from poison.
 U - a ring of magical power
 V - the amulet of Nearphor {Spirit +Blink}
   (You found it in the Dungeon)

   [amulet of guardian spirit]

   It causes incoming damage to be divided between your reserves of health and
   magic.
   +Blink:    It lets you blink.
 W - the ring of Rowerot (right hand) {Drain rN+ Slay+3 SInv}
   (You found it in the Dungeon)

   [ring of see invisible]

   Slay:      It affects your accuracy & damage with ranged weapons and melee
   (+3).
   rN:        It protects you from negative energy.
   SInv:      It lets you see invisible.
   Drain:     It drains your maximum health when unequipped.
 X - the macabre finger necklace {rN+}
   (You found it in the Dungeon)

   [amulet of nothing]

   It enables you to equip an extra ring.
   rN:        It protects you from negative energy.
 Y - a ring of protection from cold
Wands
 t - a wand of mindburst (7)
 u - a wand of iceblast (7)
 v - a wand of acid (7)
Scrolls
 j - 4 scrolls of blinking
 o - 4 scrolls of amnesia
 p - 7 scrolls of fog
 q - a scroll of holy word
 r - 5 scrolls of identify
 s - 2 scrolls of fear
 K - 4 scrolls of enchant weapon
Potions
 d - 6 potions of might
 e - 10 potions of curing
 f - 8 potions of heal wounds
 g - 10 potions of haste
 h - 7 potions of magic
 i - 2 potions of berserk rage
 k - 2 potions of brilliance
 l - 2 potions of invisibility
 m - 4 potions of resistance
Miscellaneous
 n - a phial of floods (inert)
 J - a condenser vane
 L - a phial of floods (inert)
 M - a tin of tremorstones (2/2)
 R - a phial of floods (inert)


   Skills:
 + Level 18.2 Fighting
 + Level 17.3 Short Blades
 + Level 17.8 Long Blades
 + Level 17.3 Axes
 + Level 17.3 Maces & Flails
 + Level 17.3 Polearms
 + Level 20.7 Staves
 + Level 17.3 Slings
 + Level 17.3 Bows
 + Level 17.3 Crossbows
 + Level 17.3 Throwing
 + Level 18.2 Armour
 + Level 17.3 Dodging
 + Level 17.3 Stealth
 + Level 18.2 Shields
 + Level 17.3 Unarmed Combat
 + Level 17.3 Spellcasting
 + Level 15.0 Conjurations
 + Level 15.0 Hexes
 + Level 15.0 Summonings
 + Level 15.0 Necromancy
 + Level 15.0 Translocations
 + Level 15.0 Transmutations
 + Level 15.0 Fire Magic
 + Level 15.0 Ice Magic
 + Level 15.0 Air Magic
 + Level 15.0 Earth Magic
 + Level 15.0 Poison Magic
 + Level 18.7 Invocations
 + Level 17.3 Evocations


You had 49 spell levels left.
You didn't know any spells.
Your spell library contained the following spells:

 Spells                   Type           Power      Damage    Failure   Level
 Apportation              Tloc           38%        N/A       1%          1
 Corona                   Hex            21%        N/A       1%          1
 Foxfire                  Conj/Fire      76%        2x1d7     1%          1
 Shock                    Conj/Air       76%        1d7       1%          1
 Sting                    Tmut/Pois      76%        1d6       1%          1
 Ensorcelled Hibernation  Hex/Ice        38%        N/A       1%          2
 Passwall                 Tmut/Erth      15%        N/A       1%          2
 Poisonous Vapours        Pois/Air       38%        N/A       1%          2
 Static Discharge         Conj/Air       19%        N/A       1%          2
 Sublimation of Blood     Necr           9%         N/A       1%          2
 Wereblood                Tmut           19%        N/A       1%          2
 Conjure Flame            Conj/Fire      19%        6-21      1%          3
 Dazzling Flash           Conj/Hex       38%        N/A       1%          3
 Inner Flame              Hex/Fire       19%        N/A       1%          3
 Mephitic Cloud           Conj/Pois/Air  19%        N/A       1%          3
 Spider Form              Tmut/Pois      9%         N/A       1%          3
 Stone Arrow              Conj/Erth      38%        3d9       1%          3
 Tukima's Dance           Hex            19%        N/A       1%          3
 Airstrike                Air            9%         N/A       1%          4
 Animate Armour           Summ/Erth      38%        N/A       1%          4
 Animate Dead             Necr           9%         N/A       1%          4
 Dispel Undead            Necr           19%        3d11      1%          4
 Fulminant Prism          Conj/Hex       9%         3d7       1%          4
 Hailstorm                Conj/Ice       19%        3d6       1%          4
 Ice Form                 Ice/Tmut       19%        N/A       1%          4
 Iskenderun's Mystic Bla  Conj/Tloc      19%        2d6       1%          4
 Leda's Liquefaction      Hex/Erth       9%         N/A       1%          4
 Olgreb's Toxic Radiance  Pois           19%        N/A       1%          4
 Petrify                  Tmut/Erth      19%        N/A       1%          4
 Sticky Flame             Conj/Fire      19%        2d4       1%          4
 Summon Lightning Spire   Summ/Air       19%        N/A       1%          4
 Agony                    Necr           19%        N/A       5%          5
 Alistair's Intoxication  Tmut/Pois      12%        N/A       5%          5
 Blade Hands              Tmut           9%         N/A       5%          5
 Bolt of Magma            Conj/Fire/Erth 9%         4d7       5%          5
 Borgnjor's Vile Clutch   Necr/Erth      9%         N/A       5%          5
 Excruciating Wounds      Necr           9%         N/A       5%          5
 Fireball                 Conj/Fire      9%         3d6       5%          5
 Freezing Cloud           Conj/Ice/Air   9%         6-21      5%          5
 Irradiate                Conj/Tmut      9%         3d16      5%          5
 Iskenderun's Battlesphe  Conj           19%        2d7       5%          5
 Lightning Bolt           Conj/Air       9%         1d22      5%          5
 Metabolic Englaciation   Hex/Ice        9%         N/A       5%          5
 Summon Forest            Summ/Tloc      9%         N/A       5%          5
 Conjure Ball Lightning   Conj/Air       9%         3x3d6     30%         6
 Eringya's Noxious Bog    Tmut/Pois      9%         N/A       30%         6
 Invisibility             Hex            9%         N/A       30%         6
 Starburst                Conj/Fire      9%         6d5       30%         6
 Statue Form              Tmut/Erth      12%        N/A       30%         6
 Dragon Form              Tmut           9%         N/A       86%         7
 Orb of Destruction       Conj           9%         9d4       86%         7
 Ozocubu's Refrigeration  Ice            9%         4d6       86%         7
 Storm Form               Tmut/Air       9%         N/A       86%         7
 Summon Hydra             Summ           9%         N/A       86%         7
 Borgnjor's Revivificati  Necr           9%         N/A       100%        8
 Discord                  Hex            9%         N/A       100%        8
 Disjunction              Tloc           9%         N/A       100%        8
 Ignition                 Fire           9%         3d5       100%        8
 Maxwell's Capacitive Co  Air            9%         ∞         100%        8
 Chain Lightning          Conj/Air       9%         3d12      100%        9
 Fire Storm               Conj/Fire      9%         8d3       100%        9


Dungeon Overview and Level Annotations

Branches:
Dungeon (1/1)

Altars:
Ashenzari
Cheibriados
Dithmenos
Elyvilon
Fedhas
Gozag
Hepliaklqana
Kikubaaqudgha
Makhleb
Nemelex Xobeh
Okawaru
Qazlal
Ru
Sif Muna
Trog
Uskayaw
Vehumet
Wu Jian
Xom
Yredelemnul
Zin
The Shining One
Beogh
Jiyva
Lugonu


Innate Abilities, Weirdness & Mutations

You have very sharp teeth.
Your uncanny sense of smell can sniff out nearby items.
Your experience applies equally to all skills.
You are dopey. (Int -2)
You are weak. (Str -2)


Message History

Ruenumusk gestures.
You block Mastik's attack.
GONNNNG!
Noulerph comes into view.
Coij sneers, "Quit, thou clouted ruttish malt-worm!"
A hellwing comes into view.
You block Mastik's attack.
GONNNNG!
You block the freezing wraith's attack.
GONNNNG!
You block the freezing wraith's attack.
PANG!
Noulerph gestures.
Noulerph seems to speed up.
You block the wraith's attack.
PANG!
The smoke demon gestures at you. Something smites you!
Ifuxyg calls on the powers of darkness!
Your body is wracked with pain!
* * * LOW HITPOINT WARNING * * *
Ytuwneto gestures.
You feel much better. You block Mastik's attack.
PTOANNNG!
Noulerph sneers, "Thy brain shall be my refection!"
You block Mastik's attack.
GONNNNG!
The freezing wraith closely misses you. You block the freezing wraith's attack.
BOUMMMMG!
The Ice Fiend calls on the powers of darkness!
Your body is wracked with pain!
* * * LOW HITPOINT WARNING * * *
You block the wraith's attack.
BONNNG!
Ruenumusk hits you but does no damage. The smoke demon gestures at you.
Something smites you!
* * * LOW HITPOINT WARNING * * *
Rabeod comes into view.
Mastik tramples you!!!
You die...

.............§.▓..▓....
▓..≈≈≈§§§§&.☼&&.▓.▓▓▓...
▓....≈.§4§≈4○3°.▓..▓....
▓....2.§§4≈..≈≈.▓.......
▓....6§&2.&.....▓......©
▓≈.≈.421&&4.....▓▓▓▓▓▓▓▓
▓.≈≈.6&&1§≈.....
▓≈.≈▓≈W&&≈≈.▓...
▓≈≈..°W@&○≈≈.≈.. ∆
▓..≈..°.○§≈.≈...
▓....≈.☼°§...≈..
▓▓▓▓▓▓▓▓▓▓▓▓▓▓▓▓
∆∆∆∆∆∆∆∆∆∆∆∆∆∆
∆∆∆∆∆∆∆∆∆∆∆∆∆∆
∆∆∆∆∆∆∆∆∆∆∆∆∆∆


You could see Coij, Ifuxyg, Ihilann (waterlogged), Koun (clouds), Mastik
(waterlogged), Noulerph (fast, clouds), Nuargh (waterlogged), Rabeod, Raj Ucest,
Ruenumusk (fast), Wugeex, Ytuwneto, a Brimstone Fiend (summoned), an Ice Fiend
(summoned), a gelid warmonger, a hell beast (summoned), a lorocyproca
(invisible), an infernal black sun (fast), 3 hellwings, a rust devil (summoned),
a freezing wraith (summoned), a smoke demon, a hellion (summoned), a wraith
(summoned) and a red devil.

Vanquished Creatures
  An ancient lich (D)
  3 pandemonium lords (D)
  2 golden dragons (D)
  3 quicksilver dragons (D)
  A lich (D)
  A death cob (D)
  An acid blob (D)
  2 shadow dragons (D)
  An azure jelly (D)
  5 rockslimes (D)
  An iron dragon (D)
  3 orc warlords (D)
  A vault warden (D)
  A vampire knight (D)
  A very ugly thing (D)
  A black sun (D)
  A spark wasp (D)
  A blizzard demon (D)
  A merfolk javelineer (D)
  A fire dragon (D)
  3 great orbs of eyes (D)
  A boulder beetle (D)
  4 merfolk impalers (D)
  A yaktaur captain (D)
  2 ice dragons (D)
  A vault guard (D)
  4 merfolk aquamancers (D)
  A merfolk avatar (D)
  An ironbound frostheart (D)
  4 hydras (D)
  2 dancing weapons (D)
  An orc high priest (D)
  2 vampire magi (D)
  2 deep elf knights (D)
  2 skeletal warriors (D)
  A sea snake (D)
  A death drake (D)
  A large abomination (D)
  A spriggan druid (D)
  3 swamp dragons (D)
  2 orc knights (D)
  A deep elf pyromancer (D)
  5 deep elf archers (D)
  2 shining eyes (D)
  An oklob plant (D)
  An orc sorcerer (D)
  2 wolf spiders (D)
  A faun (D)
  A manticore (D)
  A cyclops (shapeshifter) (D)
  3 draconians (D)
  2 merfolk sirens (D)
  An eye of devastation (D)
  2 torpor snails (D)
  A vault sentinel (D)
  3 cane toads (D)
  3 komodo dragons (D)
  4 rime drakes (D)
  A tormentor (D)
  3 freezing wraiths (D)
  An ice devil (D)
  A red devil (D)
  A jumping spider (D)
  4 hornets (D)
  3 merfolk (D)
  3 wind drakes (D)
  A blink frog (D)
  11 slime creatures (D)
  A snapping turtle (D)
  2 redbacks (D)
  4 flying skulls (D)
  A ynoxinul (D)
  A water elemental (D)
  4 tarantellas (D)
  5 spriggans (D)
  An air elemental (D)
  3 golden eyes (D)
  A basilisk (D)
  A wyvern (D)
  A fire elemental (D)
  A steam dragon (D)
  2 water moccasins (D)
  An ice beast (D)
  3 orc warriors (D)
  3 swamp drakes (D)
  3 black bears (D)
  3 ogres (D)
  2 necrophages (D)
  A wolf (D)
  A phantom (D)
  3 bullfrogs (D)
  2 wights (D)
  7 jellies (D)
  4 orc priests (D)
  3 orc wizards (D)
  A white imp (D)
  An adder skeleton (D)
  4 orcs (D)
  4 bat skeletons (D)
  5 bat zombies (D)
  An endoplasm (D)
  4 ball python skeletons (D)
  A giant cockroach zombie (D)
  A quokka skeleton (D)
  2 quokka zombies (D)
223 creatures vanquished.

Notes
Turn   | Place    | Note
-------+----------+-------------------------------------------
     0 | D        | Rickety the Gnoll Fighter began the quest for the Orb.
     0 | D        | Reached XP level 1. HP: 23/23 MP: 1/1
     0 | D        | Found a shimmering blue altar of Sif Muna.
     0 | D        | Found a sacrificial altar of Ru.
     0 | D        | Found a bloodstained altar of Trog.
     0 | D        | Found a stormy altar of Qazlal.
     0 | D        | Found an iron altar of Okawaru.
     0 | D        | Found a sparkling altar of Nemelex Xobeh.
     0 | D        | Found a blossoming altar of Fedhas.
     0 | D        | Found the +6 Majin-Bo {vamp, MP+6 Int+6}
     0 | D        | Found the +9 heavy crossbow "Sniper" {vorpal, Acc+∞ SInv}
     0 | D        | Found the +10 dark maul {vorpal}
     0 | D        | Found the +15 Maxwell's patent armour {-Cast -Tele rElec
                  | Will+ rCorr}
     0 | D        | Found the +18 shield of the Gong {rElec rN+ Will+ EV-5}
     0 | D        | Found the +14 obsidian axe {vorpal, Drain Fly SInv}
     0 | D        | Found the +7 great mace "Firestarter" {inner flame, rF++}
     0 | D        | Found the +6 shillelagh "Devastator" {shatter}
     0 | D        | Found the +11 plutonium sword {Contam Stlth-}
     0 | D        | Found the +8 lance "Wyrmbane" {slay drac, rPois rF+ rC+
                  | AC+3}
     0 | D        | Found the +9 sword of Zonguldrok {reap}
     0 | D        | Found the +13 scythe of Curses {drain, Drain}
     0 | D        | Found the +5 sword of Power {vorpal}
     0 | D        | Found the +7 mace of Variability {chain chaos}
     0 | D        | Found the +7 Singing Sword {vorpal, sonic wave}
     0 | D        | Found the +8 storm bow {elec, penet}
     2 | D        | Found a transporter.
     2 | D        | Found an ancient bone altar of Kikubaaqudgha.
     2 | D        | Found a viscous altar of Jiyva.
     2 | D        | Found a corrupted altar of Lugonu.
     2 | D        | Found a hazy altar of Hepliaklqana.
     2 | D        | Found a burning altar of Makhleb.
     2 | D        | Found an opulent altar of Gozag.
    63 | D        | Became a worshipper of Qazlal Stormbringer
    71 | D        | Entered arena 2.
    71 | D        | Noticed an orc priest
    71 | D        | Noticed an orc priest
    71 | D        | Found a transporter.
    74 | D        | Killed an orc priest
    74 | D        | Killed an orc priest
    75 | D        | Reached skill level 5 in Long Blades
    75 | D        | Reached skill level 2 in Staves
    75 | D        | Reached skill level 1 in Conjurations
    75 | D        | Reached skill level 1 in Hexes
    75 | D        | Reached skill level 1 in Summonings
    75 | D        | Reached skill level 1 in Necromancy
    75 | D        | Reached skill level 1 in Translocations
    75 | D        | Reached skill level 1 in Transmutations
    75 | D        | Reached skill level 1 in Fire Magic
    75 | D        | Reached skill level 1 in Ice Magic
    75 | D        | Reached skill level 1 in Air Magic
    75 | D        | Reached skill level 1 in Earth Magic
    75 | D        | Reached skill level 1 in Poison Magic
    75 | D        | Reached XP level 2. HP: 31/31 MP: 1/5
    75 | D        | Reached XP level 3. HP: 36/36 MP: 1/6
    75 | D        | Reached XP level 4. HP: 43/43 MP: 1/7
   135 | D        | Entered arena 3.
   135 | D        | Found the +3 robe of Clouds {+Thunder rCloud rElec}
   135 | D        | Found a transporter.
   139 | D        | Reached * piety under Qazlal
   152 | D        | Entered arena 4.
   152 | D        | Found a transporter.
   156 | D        | Reached skill level 3 in Staves
   156 | D        | Reached XP level 5. HP: 47/48 MP: 9/9
   156 | D        | Reached ** piety under Qazlal
   169 | D        | Entered arena 5.
   169 | D        | Noticed a draconian
   169 | D        | Noticed a death cob
   169 | D        | Noticed a draconian
   169 | D        | Noticed a draconian
   169 | D        | Found a transporter.
   186 | D        | Killed a death cob
   187 | D        | Reached skill level 7 in Staves
   187 | D        | Reached XP level 6. HP: 50/60 MP: 11/16
   187 | D        | Reached XP level 7. HP: 54/65 MP: 11/17
   187 | D        | Reached XP level 8. HP: 60/72 MP: 11/18
   187 | D        | Reached XP level 9. HP: 65/78 MP: 11/19
   187 | D        | Killed a draconian
   187 | D        | Reached *** piety under Qazlal
   187 | D        | Killed a draconian
   188 | D        | Reached skill level 10 in Fighting
   188 | D        | Reached skill level 10 in Armour
   188 | D        | Reached skill level 10 in Shields
   188 | D        | Killed a draconian
   189 | D        | Reached skill level 8 in Staves
   201 | D        | Reached XP level 10. HP: 53/86 MP: 14/22
   231 | D        | Entered arena 6.
   231 | D        | Noticed a deep elf archer
   231 | D        | Noticed a deep elf pyromancer
   231 | D        | Noticed a water nymph
   231 | D        | Noticed a deep elf knight
   231 | D        | Found a transporter.
   232 | D        | a water nymph changed into a floating eye
   234 | D        | Noticed a cyclops
   234 | D        | a floating eye changed into a cyclops
   235 | D        | Paralysed by an air elemental for 1 turns
   238 | D        | Killed a deep elf pyromancer
   238 | D        | Paralysed by an air elemental for 1 turns
   239 | D        | Reached **** piety under Qazlal
   239 | D        | Killed a deep elf archer
   240 | D        | Reached skill level 10 in Long Blades
   240 | D        | Reached XP level 11. HP: 41/92 MP: 14/23
   240 | D        | Killed a deep elf knight
   241 | D        | Reached skill level 9 in Staves
   241 | D        | Killed a cyclops
   242 | D        | Reached skill level 10 in Invocations
   466 | D        | Entered arena 7.
   470 | D        | Found a transporter.
   473 | D        | Reached ***** piety under Qazlal
   531 | D        | Entered arena 8.
   531 | D        | Noticed a yaktaur captain
   531 | D        | Noticed a cyan very ugly thing
   531 | D        | Noticed a vault guard
   531 | D        | Noticed an ironbound frostheart
   531 | D        | Noticed a vault warden
   532 | D        | Killed a vault guard
   534 | D        | Found a transporter.
   542 | D        | Killed an ironbound frostheart
   543 | D        | Killed a vault warden
   544 | D        | Reached skill level 10 in Short Blades
   544 | D        | Reached skill level 10 in Axes
   544 | D        | Reached skill level 10 in Maces & Flails
   544 | D        | Reached skill level 10 in Polearms
   544 | D        | Reached skill level 10 in Staves
   544 | D        | Reached skill level 10 in Slings
   544 | D        | Reached skill level 10 in Bows
   544 | D        | Reached skill level 10 in Crossbows
   544 | D        | Reached skill level 10 in Throwing
   544 | D        | Reached skill level 10 in Dodging
   544 | D        | Reached skill level 10 in Stealth
   544 | D        | Reached skill level 10 in Unarmed Combat
   544 | D        | Reached skill level 10 in Spellcasting
   544 | D        | Reached skill level 10 in Evocations
   545 | D        | Killed a yaktaur captain
   548 | D        | Killed a cyan very ugly thing
   557 | D        | Got the ring "Yrchadd" {Fly rF+}
   575 | D        | Entered arena 9.
   577 | D        | Found a transporter.
   597 | D        | Got the Reference Book on Combat Magic and Envenoming
   613 | D        | Entered arena 10.
   613 | D        | Noticed a spriggan rider
   613 | D        | Noticed a spriggan rider
   613 | D        | Noticed a spriggan druid
   614 | D        | Reached ****** piety under Qazlal
   615 | D        | Reached XP level 12. HP: 102/102 MP: 18/26
   616 | D        | Found a transporter.
   618 | D        | Reached skill level 11 in Staves
   711 | D        | Entered arena 11.
   711 | D        | Noticed a deep elf knight
   713 | D        | Found a transporter.
   724 | D        | Killed a deep elf knight
   773 | D        | Got the amulet "Qucinwu" {Acrobat rPois Str+7}
   786 | D        | Got the Disquisition on Unstable Flight
   799 | D        | Entered arena 12.
   802 | D        | Found a transporter.
   807 | D        | Reached skill level 10 in Conjurations
   807 | D        | Reached skill level 10 in Hexes
   807 | D        | Reached skill level 10 in Summonings
   807 | D        | Reached skill level 10 in Necromancy
   807 | D        | Reached skill level 10 in Translocations
   807 | D        | Reached skill level 10 in Transmutations
   807 | D        | Reached skill level 10 in Fire Magic
   807 | D        | Reached skill level 10 in Ice Magic
   807 | D        | Reached skill level 10 in Air Magic
   807 | D        | Reached skill level 10 in Earth Magic
   807 | D        | Reached skill level 10 in Poison Magic
   816 | D        | Got the +1 flail "Qibog" {spect, rCorr Str+3 SInv}
   825 | D        | Got the amulet of Nearphor {Spirit +Blink}
   828 | D        | Got the ring of Rowerot {Drain rN+ Slay+3 SInv}
   936 | D        | Entered arena 13.
   936 | D        | Noticed an acid blob
   936 | D        | Noticed a rockslime
   937 | D        | Noticed a rockslime
   937 | D        | Noticed a rockslime
   946 | D        | Killed an acid blob
   947 | D        | Reached skill level 12 in Staves
   947 | D        | Reached XP level 13. HP: 99/111 MP: 21/29
   947 | D        | Killed a rockslime
   949 | D        | Killed a rockslime
   953 | D        | Killed a rockslime
   956 | D        | Found a transporter.
   962 | D        | Got the amulet "Dyidereth" {rC++ Regen+ MP-9 Dex+3}
  1143 | D        | Entered arena 14.
  1144 | D        | Noticed a lich
  1144 | D        | Noticed an ancient lich
  1145 | D        | Noticed a vampire knight
  1146 | D        | Found a transporter.
  1153 | D        | Killed a lich
  1154 | D        | Reached skill level 13 in Staves
  1154 | D        | Killed an ancient lich
  1155 | D        | Reached skill level 14 in Staves
  1159 | D        | Killed a vampire knight
  1182 | D        | Got the Collected Works on Attacks
  1230 | D        | Entered arena 15.
  1231 | D        | Identified the +10 halberd "Ywnol" {holy, Contam rF+ Will++
                  | rCorr}
  1231 | D        | Noticed an orc warlord
  1231 | D        | Noticed an orc warlord
  1232 | D        | Identified the ring of Wymp {EV+4 Str+5}
  1232 | D        | Noticed an orc warlord
  1233 | D        | Reached XP level 14. HP: 121/121 MP: 23/31
  1250 | D        | Killed an orc warlord
  1258 | D        | Killed an orc warlord
  1259 | D        | Reached skill level 15 in Fighting
  1259 | D        | Reached skill level 15 in Staves
  1259 | D        | Reached skill level 15 in Armour
  1259 | D        | Reached skill level 15 in Shields
  1261 | D        | Killed an orc warlord
  1262 | D        | Reached skill level 15 in Invocations
  1404 | D        | Found a transporter.
  1425 | D        | Got the Reference Book on Arcane Weapons
  1430 | D        | Entered arena 16.
  1432 | D        | Found the macabre finger necklace {rN+}
  1444 | D        | Found a transporter.
  1574 | D        | Entered arena 17.
  1578 | D        | Found the ring of Shadows {Umbra +Inv Stlth+}
  1582 | D        | Reached skill level 16 in Staves
  1582 | D        | Found a transporter.
  1585 | D        | Reached skill level 15 in Long Blades
  1610 | D        | Got the Incunabulum of Transmutation
  1621 | D        | Entered arena 18.
  1638 | D        | Found a transporter.
  1721 | D        | Got the ring of Qauqin {rElec rC+ Will+ Str-5}
  1735 | D        | Got Kaully's Disquisition on Confrontation
  1737 | D        | Got the ring of the Robin {rCorr MP-9 Dex+4}
  1753 | D        | Entered arena 19.
  1755 | D        | Noticed a rockslime
  1755 | D        | Gained mutation: You are dopey. (Int -2) [a shining eye]
  1755 | D        | Paralysed by a great orb of eyes for 4 turns
  1756 | D        | Noticed a rockslime
  1757 | D        | Noticed an azure jelly
  1759 | D        | Gained mutation: You are weak. (Str -2) [a shining eye]
  1760 | D        | Killed an azure jelly
  1760 | D        | Killed a rockslime
  1761 | D        | Reached skill level 15 in Short Blades
  1761 | D        | Reached skill level 15 in Axes
  1761 | D        | Reached skill level 15 in Maces & Flails
  1761 | D        | Reached skill level 15 in Polearms
  1761 | D        | Reached skill level 17 in Staves
  1761 | D        | Reached skill level 15 in Slings
  1761 | D        | Reached skill level 15 in Bows
  1761 | D        | Reached skill level 15 in Crossbows
  1761 | D        | Reached skill level 15 in Throwing
  1761 | D        | Reached skill level 15 in Dodging
  1761 | D        | Reached skill level 15 in Stealth
  1761 | D        | Reached skill level 15 in Unarmed Combat
  1761 | D        | Reached skill level 15 in Spellcasting
  1761 | D        | Reached skill level 15 in Evocations
  1761 | D        | Reached XP level 15. HP: 131/131 MP: 18/34
  1761 | D        | Killed a rockslime
  1857 | D        | Found a transporter.
  1863 | D        | Got the Incunabulum of Displaced Darkness
  1865 | D        | Got the ring of Foumiz {rPois Str+2 SInv}
  1869 | D        | Got the ring "Umarrit" {rC+ Dex+6}
  1881 | D        | Got Vuidixt's Almanac of the Destructive Glacier
  1883 | D        | Got the Guide on Shifting Stones
  1896 | D        | Acquired a +0 hat of stealth
  1905 | D        | Entered arena 20.
  1909 | D        | Identified the ring "Lazay" {Wiz rF+ Stlth+}
  1912 | D        | Identified the +7 chain mail "Diffij" {-Tele Regen+ Str+4}
  1913 | D        | Reached skill level 18 in Staves
  1915 | D        | Found a transporter.
  2032 | D        | Got the ring "Abuepred" {rF+ rC+ rN+ Will+}
  2054 | D        | Entered arena 21.
  2057 | D        | Noticed a quicksilver dragon
  2058 | D        | Noticed a golden dragon
  2058 | D        | Noticed a shadow dragon
  2058 | D        | Noticed a quicksilver dragon
  2058 | D        | Noticed a golden dragon
  2059 | D        | Noticed an iron dragon
  2060 | D        | Noticed a quicksilver dragon
  2063 | D        | Killed a quicksilver dragon
  2067 | D        | Killed a golden dragon
  2067 | D        | Killed a quicksilver dragon
  2068 | D        | Reached skill level 19 in Staves
  2068 | D        | Killed a shadow dragon
  2068 | D        | Killed an iron dragon
  2068 | D        | Killed a golden dragon
  2069 | D        | Reached XP level 16. HP: 64/143 MP: 2/36
  2069 | D        | Killed a quicksilver dragon
  2075 | D        | Noticed a shadow dragon
  2085 | D        | Killed a shadow dragon
  2086 | D        | Reached skill level 20 in Staves
  2315 | D        | Found a transporter.
  2331 | D        | Got the Incunabulum of Harmful Hexes
  2333 | D        | Got Sif Muna's Grimoire of Contamination and Snow
  2337 | D        | Got the Collected Works on Frigorific Dark Rites
  2341 | D        | Got Sif Muna's Grimoire of Weightlessness and Moulding
  2356 | D        | Entered arena 22.
  2358 | D        | Noticed Vegu the pandemonium lord
  2358 | D        | Noticed Mastik the pandemonium lord
  2359 | D        | Noticed Kurevalo the pandemonium lord
  2359 | D        | Noticed Nuargh the pandemonium lord
  2359 | D        | Noticed Wugeex the pandemonium lord
  2359 | D        | Identified the ring of the Eight Artists {rN+++ Dex+7
                  | Slay+4 Stlth-}
  2360 | D        | Noticed Coij the pandemonium lord
  2360 | D        | Noticed Jaokod the pandemonium lord
  2361 | D        | Noticed Raj Ucest the pandemonium lord
  2362 | D        | Noticed Ruenumusk the pandemonium lord
  2362 | D        | Noticed Ifuxyg the pandemonium lord
  2363 | D        | Killed Vegu the pandemonium lord
  2363 | D        | Killed Jaokod the pandemonium lord
  2363 | D        | Noticed Ytuwneto the pandemonium lord
  2363 | D        | Noticed Ihilann the pandemonium lord
  2364 | D        | Killed Kurevalo the pandemonium lord
  2366 | D        | Reached skill level 15 in Conjurations
  2366 | D        | Reached skill level 15 in Hexes
  2366 | D        | Reached skill level 15 in Summonings
  2366 | D        | Reached skill level 15 in Necromancy
  2366 | D        | Reached skill level 15 in Translocations
  2366 | D        | Reached skill level 15 in Transmutations
  2366 | D        | Reached skill level 15 in Fire Magic
  2366 | D        | Reached skill level 15 in Ice Magic
  2366 | D        | Reached skill level 15 in Air Magic
  2366 | D        | Reached skill level 15 in Earth Magic
  2366 | D        | Reached skill level 15 in Poison Magic
  2366 | D        | Identified the +3 fire dragon scales of Yrev {rF++ rC-
                  | Regen+ Slay+2}
  2367 | D        | Noticed a Brimstone Fiend
  2367 | D        | Noticed an Ice Fiend
  2368 | D        | Noticed Koun the pandemonium lord
  2368 | D        | Noticed Noulerph the pandemonium lord
  2369 | D        | Noticed Rabeod the pandemonium lord
  2369 | D        | Slain by Mastik the pandemonium lord

Illustrated notes

Levels and vault maps discovered:
D:        sprint_v [room_start, room_1, room_2, room_3, room_4, room_5, room_6,
          room_7, room_8, room_9, room_10, room_11, room_12, room_13, room_14,
          room_15, room_16, room_17, room_18, room_19, room_20, room_21,
          room_22, room_23, room_24, room_25, room_26, room_27]

Skill      XL: |  1  2  3  4  5  6  7  8  9 10 11 12 13 14 15 16 |
---------------+-------------------------------------------------+-----
Fighting       | 7 9 10 12 13 14 16 17 18 | 18.2
Short Blades   | 2 3 7 8 10 12 13 15 16 17 | 17.3
Long Blades    | 5 8 9 10 11 12 14 15 17 | 17.8
Axes           | 2 3 7 8 10 12 13 15 16 17 | 17.3
Maces & Flails | 2 3 7 8 10 12 13 15 16 17 | 17.3
Polearms       | 2 3 7 8 10 12 13 15 16 17 | 17.3
Staves         | 2 3 7 8 10 12 14 17 19 20 | 20.7
Slings         | 2 3 7 8 10 12 13 15 16 17 | 17.3
Bows           | 2 3 7 8 10 12 13 15 16 17 | 17.3
Crossbows      | 2 3 7 8 10 12 13 15 16 17 | 17.3
Throwing       | 2 3 7 8 10 12 13 15 16 17 | 17.3
Armour         | 7 9 10 12 13 14 16 17 18 | 18.2
Dodging        | 2 3 7 8 10 12 13 15 16 17 | 17.3
Stealth        | 2 3 7 8 10 12 13 15 16 17 | 17.3
Shields        | 7 9 10 12 13 14 16 17 18 | 18.2
Unarmed Combat | 2 3 7 8 10 12 13 15 16 17 | 17.3
Spellcasting   | 2 3 7 8 10 12 13 15 16 17 | 17.3
Conjurations   | 1 2 6 7 9 10 11 13 14 15 | 15.0
Hexes          | 1 2 6 7 9 10 11 13 14 15 | 15.0
Summonings     | 1 2 6 7 9 10 11 13 14 15 | 15.0
Necromancy     | 1 2 6 7 9 10 11 13 14 15 | 15.0
Translocations | 1 2 6 7 9 10 11 13 14 15 | 15.0
Transmutations | 1 2 6 7 9 10 11 13 14 15 | 15.0
Fire Magic     | 1 2 6 7 9 10 11 13 14 15 | 15.0
Ice Magic      | 1 2 6 7 9 10 11 13 14 15 | 15.0
Air Magic      | 1 2 6 7 9 10 11 13 14 15 | 15.0
Earth Magic    | 1 2 6 7 9 10 11 13 14 15 | 15.0
Poison Magic   | 1 2 6 7 9 10 11 13 14 15 | 15.0
Invocations    | 2 3 8 9 11 13 14 16 18 | 18.7
Evocations     | 2 3 7 8 10 12 13 15 16 17 | 17.3

Action                   |  1- 3 |  4- 6 |  7- 9 | 10-12 | 13-15 | 16-18 || total
-------------------------+-------+-------+-------+-------+-------+-------++-------
Melee: Double sword      |     2 |    18 |     2 |    36 |    51 |     8 ||   117
       Bite              |       |     3 |       |     5 |    11 |     1 ||    20
Invok: Upheaval          |       |       |       |     6 |     1 |     1 ||     8
       Disaster Area     |       |       |       |     7 |    21 |     5 ||    33
       Elemental Force   |       |       |       |       |     1 |       ||     1
Evoke: Condenser vane    |       |       |       |     1 |       |       ||     1
       Phial of floods   |       |       |       |     3 |     2 |     1 ||     6
       Tin of tremorston |       |       |       |     1 |       |       ||     1
  Use: Potion            |       |     4 |     1 |       |       |     3 ||     8
       Scroll            |       |       |       |       |     1 |       ||     1
Armor: Gold dragon scale |     1 |    18 |       |    20 |    14 |     4 ||    57
Dodge: Dodged            |       |       |       |     5 |     9 |     5 ||    19
       Repelled          |       |       |       |     1 |     1 |       ||     2
Block: Kite shield       |     2 |    53 |       |    78 |    96 |    36 ||   265
       Rpst.: Double sword |       |       |       |     1 |     1 |       ||     2
